 Dungeon Crawl Stone Soup version 0.21-a0-509-gecc5317 (webtiles) character file.

7406 kae the Grappler (level 10, -5/102 HPs)
             Began as a Troll Monk on Nov 29, 2017.
             Was an Elder of Wu Jian.
             Slain by a manticore (11 damage)
             ... on level 9 of the Dungeon.
             The game lasted 00:08:01 (6844 turns).

kae the Grappler (Troll Monk)                       Turns: 6844, Time: 00:08:01

Health: -5/102     AC:  5    Str: 27    XL:     10   Next: 92%
Magic:  9/9        EV: 14    Int:  6    God:    Wu Jian [****..]
Gold:   447        SH:  0    Dex: 15    Spells: 9/9 levels left

rFire    . . .     SeeInvis .     - Unarmed
rCold    . . .     Gourm    +   (no shield)
rNeg     . . .     Faith    .   x - +0 robe "Zemaweh" {Str+6}
rPois    +         Spirit   .   (helmet restricted)
rElec    .         Reflect  .   (no cloak)
rCorr    +         Harm     .   (gloves unavailable)
MR       .....                  (boots unavailable)
Stlth    ++........             (no amulet)
HPRegen  0.67/turn              v - ring of resist corrosion
MPRegen  0.11/turn              w - ring of poison resistance

@: no status effects
A: large, unfitting armour, claws 3, fast metabolism 3, gourmand, regeneration
1, shaggy fur 1, tough skin 2
a: Serpent's Lash, Renounce Religion


You were on level 9 of the Dungeon.
You worshipped Wu Jian.
Wu Jian was greatly pleased with you.
You were completely stuffed.

You visited 2 branches of the dungeon, and saw 10 of its levels.

You collected 447 gold pieces.

Inventory:

Armour
 a - a +1 robe
 x - the +0 robe "Zemaweh" (worn) {Str+6}
   (You found it on level 7 of the Dungeon)

   It affects your strength (+6).
Jewellery
 i - an uncursed ring of fire
 l - an uncursed ring of ice
 v - a ring of resist corrosion (left claw)
 w - a ring of poison resistance (right claw)
Wands
 u - a wand of acid (6)
 y - a wand of disintegration (8)
Scrolls
 c - a scroll of teleportation
 g - 10 scrolls of identify
 k - 3 scrolls of remove curse
 m - 2 scrolls of enchant armour
 o - 2 scrolls of enchant weapon
 p - a scroll of brand weapon
 q - a scroll of fog
 s - a scroll of amnesia
Potions
 h - 4 potions of brilliance
 j - a potion of flight
 n - a potion of curing
 z - a potion of ambrosia
 B - a potion of mutation {unknown}
Books
 e - Sif Muna's Volume of Congealing Poison
   (You found it on level 7 of the Dungeon)

   Spells                             Type                      Level
   a - Ensorcelled Hibernation        Hexes/Ice                    2
   b - Throw Icicle                   Conjuration/Ice              4
   c - Ice Form                       Ice/Transmutation            4
   d - Olgreb's Toxic Radiance        Poison                       4
   e - Ozocubu's Refrigeration        Ice                          6
Miscellaneous
 r - a box of beasts
Comestibles
 b - 4 bread rations
 d - 7 royal jellies
 f - 4 meat rations
 t - 5 fruits
 A - 4 chunks of flesh


   Skills:
 + Level 7.5 Fighting
 + Level 7.5 Dodging
 - Level 1.0 Stealth
 * Level 12.1 Unarmed Combat


You had 9 spell levels left.
You didn't know any spells.

Dungeon Overview and Level Annotations

Branches:
Dungeon (9/15)             Temple (1/1) D:4
   Lair: D:8-11         Orc: D:9-12

Altars:
Ashenzari
Cheibriados
Dithmenos
Elyvilon
Fedhas
Gozag
Hepliaklqana
Kikubaaqudgha
Makhleb
Nemelex Xobeh
Okawaru
Qazlal
Ru
Sif Muna
Trog
Uskayaw
Vehumet
Wu Jian
Xom
Yredelemnul
Zin
The Shining One
Beogh


Innate Abilities, Weirdness & Mutations

You are too large for most types of armour.
You have claws for hands.
Your metabolism is lightning-fast.
You like to eat raw meat.
Your natural rate of healing is unusually fast.
You are covered in fur. (AC +1)
You have very tough skin. (AC +2)


Message History

Found a meat ration.
You are too injured to fight recklessly!
You are too injured to fight recklessly!
You are too injured to fight recklessly!
You are too injured to fight recklessly!
You are too injured to fight recklessly!
You are too injured to fight recklessly!
You are too injured to fight recklessly!
You are too injured to fight recklessly!
You claw the manticore!
The manticore is moderately wounded.
The manticore bites you! The manticore claws you. x2
* * * LOW HITPOINT WARNING * * *
An adder zombie comes into view.
You mangle the manticore!!
The manticore is severely wounded.
The manticore bites you!!
* * * LOW HITPOINT WARNING * * *
The manticore claws you!
You die...

.## ## .. # #. #Z#
.## .##.##.. #. # #
#.....# # #.
#...#.##.....##.#.
#. #...H@..........
#. #%#.##.....##.#
#. #..#.=...#..# #.
#..##)##..########.
##:.#.#..##........
##.....##.........
#..###.###....######
#.........[.##
##.........##


You could see a manticore and an adder zombie.

Vanquished Creatures
  3 two-headed ogres
  2 hippogriffs (D:9)
  A wraith (D:9)
  Sigmund (D:3)
  Duvessa (D:7)
  9 orc warriors
  2 ice beasts
  3 sky beasts
  3 phantoms
  A necrophage (D:8)
  An ogre (D:5)
  An eye of draining (D:8)
  2 centaurs (D:8)
  A big kobold (D:9)
  2 bullfrogs
  Dowan (D:7)
  2 scorpions
  5 wights (D:7)
  A howler monkey (D:4)
  A vampire bat (D:3)
  A centaur zombie (D:6)
  6 crimson imps
  6 jellies
  7 orc priests
  3 bullfrog zombies
  4 hounds
  3 centaur skeletons
  5 iguanas
  14 orc wizards
  8 worker ants
  2 hound zombies
  A hound skeleton (D:6)
  A worker ant zombie (D:7)
  6 adders
  A howler monkey skeleton (D:6)
  A shadow imp (D:5)
  An ooze (D:2)
  An adder skeleton (D:4)
  An adder zombie (D:6)
  A worm (D:2)
  5 dart slugs
  3 fire bats (D:3)
  5 leopard geckos
  43 orcs
  2 spectral bats (D:3)
  A bat simulacrum (D:3)
  3 bat skeletons (D:3)
  A bat zombie (D:3)
  18 giant cockroaches
  3 goblins
  6 hobgoblins
  17 jackals
  12 kobolds
  4 quokkas
  16 bats
  2 frilled lizards
  A leopard gecko zombie (D:4)
  10 rats
268 creatures vanquished.

Notes
Turn   | Place    | Note
-------+----------+-------------------------------------------
     0 | D:1      | kae the Troll Monk began the quest for the Orb.
     0 | D:1      | Reached XP level 1. HP: 22/22 MP: 0/0
    95 | D:1      | Reached XP level 2. HP: 27/29 MP: 1/1
   623 | D:2      | Reached XP level 3. HP: 33/36 MP: 2/2
   832 | D:2      | Found a burning altar of Makhleb.
   841 | D:2      | Reached skill level 4 in Unarmed Combat
  1246 | D:3      | Reached XP level 4. HP: 44/44 MP: 3/3
  1521 | D:3      | Reached XP level 5. HP: 48/53 MP: 4/4
  1696 | D:3      | Noticed Sigmund
  1704 | D:3      | Reached skill level 5 in Unarmed Combat
  1709 | D:3      | Killed Sigmund
  1709 | D:3      | Reached XP level 6. HP: 40/61 MP: 5/5
  2073 | D:3      | Reached skill level 6 in Unarmed Combat
  2188 | D:4      | Reached XP level 7. HP: 62/68 MP: 6/6
  2812 | D:4      | Found a staircase to the Ecumenical Temple.
  2946 | D:4      | Found a hazy altar of Hepliaklqana.
  3051 | D:5      | Entered Level 5 of the Dungeon
  3081 | D:5      | Reached skill level 7 in Unarmed Combat
  3213 | D:5      | Reached XP level 8. HP: 70/79 MP: 7/7
  3557 | D:5      | Found a glowing silver altar of Zin.
  3558 | D:5      | Noticed an angel
  3852 | D:6      | Reached skill level 8 in Unarmed Combat
  3861 | D:6      | Reached skill level 5 in Dodging
  3910 | D:6      | Reached skill level 5 in Fighting
  3981 | D:6      | Found a basalt altar of Yredelemnul.
  4477 | Temple   | Entered the Ecumenical Temple
  4598 | Temple   | Became a worshipper of the Wu Jian Council
  4598 | Temple   | Reached * piety under Wu Jian
  4598 | Temple   | Reached ** piety under Wu Jian
  4785 | D:7      | Reached XP level 9. HP: 85/88 MP: 8/8
  4792 | D:7      | Reached skill level 9 in Unarmed Combat
  4932 | D:7      | Noticed Duvessa
  4935 | D:7      | Noticed Dowan
  4955 | D:7      | Killed Duvessa
  4981 | D:7      | Killed Dowan
  5142 | D:7      | Found a transporter.
  5178 | D:7      | Got an opalescent robe
  5189 | D:7      | Identified the +0 robe "Zemaweh" {Str+6} (You found it on level 7 of the Dungeon)
  5227 | D:7      | Found a roughly hewn altar of Beogh.
  5232 | D:7      | Noticed a two-headed ogre
  5235 | D:7      | Noticed a two-headed ogre
  5243 | D:7      | Killed a two-headed ogre
  5243 | D:7      | Reached skill level 10 in Unarmed Combat
  5253 | D:7      | Killed a two-headed ogre
  5253 | D:7      | Reached XP level 10. HP: 41/100 MP: 9/9
  5286 | D:7      | HP: 6/150 [orc warrior/halberd (6)]
  5441 | D:7      | Identified Sif Muna's Volume of Congealing Poison
  5487 | D:7      | Found a transporter.
  5529 | D:8      | Reached *** piety under Wu Jian
  5574 | D:8      | Found a shimmering altar of Xom.
  5582 | D:8      | Reached skill level 11 in Unarmed Combat
  5610 | D:8      | Noticed a two-headed ogre
  5677 | D:8      | Killed a two-headed ogre
  6655 | D:9      | Found a sparkling altar of Nemelex Xobeh.
  6667 | D:9      | Found a shattered altar of Ashenzari.
  6667 | D:9      | Found a shadowy altar of Dithmenos.
  6697 | D:9      | Reached **** piety under Wu Jian
  6751 | D:9      | Reached skill level 12 in Unarmed Combat
  6840 | D:9      | Noticed a manticore
  6844 | D:9      | Slain by a manticore

Vault maps used:
D:1:      lemuel_arrival_lava_pool, hangedman_abyss_or_decor_stabs
D:2:      lemuel_crystal_altar
D:3:      minmay_roachtagon, serial_curves, eino_curves_01, eino_curves_04,
          st_stairs_11, goddamned_bats, uniq_sigmund
D:4:      marbit_many_paths, temple_hall_moat
D:5:      zin_angel, first_bread
D:6:      overflow_temple_1_default
D:7:      gammafunk_beogh_shrine, uniq_duvessa
D:8:      basic_altar
D:9:      minmay_the_grid_octo_tiled_squarecenter, grunt_temple_overflow_open
Temple:   regret_index_temple_waves

Skill      XL: |  1  2  3  4  5  6  7  8  9 10 |
---------------+-------------------------------+-----
Unarmed Combat | 4 5 6 7 8 10 12 | 12.1
Fighting       | 3 4 5 6 7 |  7.5
Dodging        | 3 4 5 6 7 |  7.5
Stealth        | |  1.0

Action                   |  1- 3 |  4- 6 |  7- 9 | 10-12 || total
-------------------------+-------+-------+-------+-------++-------
Melee: Unarmed           |    86 |   178 |   280 |   199 ||   743
       Punch             |     2 |     4 |    15 |    13 ||    34
Evoke: Wand              |       |       |       |     3 ||     3
  Use: Scroll            |     8 |     4 |     2 |     1 ||    15
       Potion            |       |       |     1 |     3 ||     4
 Stab: Sleeping          |     4 |     7 |     1 |     2 ||    14
       Distracted        |     1 |       |       |       ||     1
  Eat: Chunk             |    14 |    10 |    27 |    18 ||    69
Armor: Robe              |    18 |   136 |    47 |    21 ||   222
       Skin              |       |       |    14 |    65 ||    79
Dodge: Dodged            |    44 |   223 |   134 |    85 ||   486

Table legend:
 A = Spawn XP
 B = Non-spawn XP
 C = Spawn XP percentage of total XP
 D = Spawn monster count
 E = Non-spawn monster count
 F = Spawn count percentage of total count
 G = Total turns spent on level
                    A         B        C        D         E        F      G
               +---------+---------+-------+---------+---------+-------+---------
         Total |       0 |   10580 |   0.0 |       0 |     268 |   0.0 |  6844
               +---------+---------+-------+---------+---------+-------+---------
           D:1 |       0 |      32 |   0.0 |       0 |      19 |   0.0 |   579
           D:2 |       0 |      60 |   0.0 |       0 |      22 |   0.0 |   661
           D:3 |       0 |     635 |   0.0 |       0 |      70 |   0.0 |   899
           D:4 |       0 |     496 |   0.0 |       0 |      17 |   0.0 |   981
           D:5 |       0 |     575 |   0.0 |       0 |      18 |   0.0 |   697
           D:6 |       0 |     505 |   0.0 |       0 |      20 |   0.0 |   646
           D:7 |       0 |    3816 |   0.0 |       0 |      46 |   0.0 |   897
           D:8 |       0 |    3019 |   0.0 |       0 |      36 |   0.0 |  1115
           D:9 |       0 |    1442 |   0.0 |       0 |      20 |   0.0 |   215
               +---------+---------+-------+---------+---------+-------+---------
